 Dungeon Crawl Stone Soup version 0.25.1-2-g60ff931df9 (webtiles) character file.

Game seed: 6816765220466442243

34 DogServant the Insei (level 3, -2/26 HPs)
             Began as a Merfolk Transmuter on Oct 17, 2020.
             Slain by an orc wizard
             ... wielding a +0 dagger
              (3 damage)
             ... on level 2 of the Dungeon.
             The game lasted 00:02:08 (1510 turns).

DogServant the Insei (Merfolk Transmuter)           Turns: 1510, Time: 00:02:09

Health: -2/26      AC:  2    Str: 10    XL:     3   Next: 31%
Magic:  6/6        EV: 13    Int: 12    God:
Gold:   98         SH:  0    Dex: 15    Spells: 5/6 levels left

rFire    . . .     SeeInvis .   h - +0 short sword
rCold    . . .     Gourm    .   (no shield)
rNeg     . . .     Faith    .   b - +0 robe
rPois    .         Spirit   .   i - +0 hat
rElec    .         Reflect  .   (no cloak)
rCorr    .         Harm     .   (no gloves)
MR       .....                  (no boots)
Stlth    +.........             (no amulet)
HPRegen  0.08/turn              (no ring)
MPRegen  0.10/turn              (no ring)

@: no status effects
A: change form in water, swift swim, stealthy swim
a: no special abilities


You were on level 2 of the Dungeon.
You were not hungry.

You visited 1 branch of the dungeon, and saw 2 of its levels.

You collected 98 gold pieces.

Inventory:

Hand Weapons
 h - a +0 short sword (weapon)
Missiles
 a - 12 arrows
Armour
 b - a +0 robe (worn)
 i - a +0 hat (worn)
Wands
 j - a wand of iceblast (7)
Scrolls
 f - a scroll of identify {unknown}
Comestibles
 c - 4 chunks of flesh
 d - 2 rations


   Skills:
 - Level 1.1 Fighting
 + Level 3.3 Dodging
 * Level 4.1 Unarmed Combat
 - Level 2.0 Spellcasting
 + Level 3.3 Transmutations


You had 5 spell levels left.
You knew the following spells:

 Your Spells              Type           Power        Failure   Level  Hunger
a - Beastly Appendage     Tmut           #.....       7%          1    ##.....

Your spell library contained the following spells:

 Spells                   Type           Power        Failure   Level  Hunger
 Sticks to Snakes         Tmut           #.......     11%         2    ###....
 Spider Form              Tmut/Pois      #.........   38%         3    ####...
 Ice Form                 Ice/Tmut       #.......     80%         4    #####..
 Blade Hands              Tmut           #.........   88%         5    ######.


Dungeon Overview and Level Annotations

Branches:
Dungeon (2/15)

Altars:
Ashenzari


Message History

The orc wizard hits you but does no damage.
The orc priest begins to cast a cantrip, but forgets the words!
You're too confused to move!
The orc wizard casts a spell at you. You resist with significant effort.
The orc priest calls down the wrath of Beogh upon you.
Beogh smites you!
Ouch! That really hurt!
You bump into the rock wall.
The orc wizard hits you with a +0 dagger.
The worm bites you!
* * * LOW HITPOINT WARNING * * *
You aren't carrying any potions.
You're too confused!
Unknown command.
You feel less confused.
As you read the scroll labeled COMAMAQ TEEMO, it crumbles to dust.
You feel aware of your surroundings.
It was a scroll of magic mapping.
The orc wizard hits you with a +0 dagger.
You die...

#.....# *,,,* *,
**#.....######..,***,
*,#............[,,,,,
**,####...#####..,***,
**,,,+_#.........,,,,,,
*,,,####...######******
*,,>#...........,,,,,,,
*,,,#...........,,*****
**,,#.@).......#*******
*,,#ow....#...#,,,,**,
*,,##o!...#...#,**,**,
***,##.#.......#,**,**,
*,*,#.o..........**,**,
*,*,#.%#....#....,*,**,
*,...............,,,**,
#.#.####...#.....**,,,,
*,#.,,,...?......,,,***


You could see a worm, an orc priest, an orc wizard and an orc.

Vanquished Creatures
  An ooze (D:1)
  A dart slug (D:1)
  4 bats
  7 hobgoblins
  A kobold (D:1)
  3 frilled lizards
  4 goblins (D:1)
  6 rats
27 creatures vanquished.

Notes
Turn   | Place    | Note
-------+----------+-------------------------------------------
     0 | D:1      | DogServant the Merfolk Transmuter began the quest for the
                  | Orb.
     0 | D:1      | Reached XP level 1. HP: 15/15 MP: 3/3
   220 | D:1      | Reached XP level 2. HP: 20/21 MP: 1/5
   746 | D:1      | Reached XP level 3. HP: 21/26 MP: 4/6
   851 | D:1      | Reached skill level 4 in Unarmed Combat
  1474 | D:2      | Found a shattered altar of Ashenzari.
  1508 | D:2      | HP: 1/26 [worm (9)]
  1510 | D:2      | Slain by an orc wizard

Illustrated notes

Levels and vault maps discovered:
D:1:      minmay_arrival_split_and_join, layout_basic,
          minmay_misc_feat_nine_boxes
D:2:      layout_basic, ashenzari_conservatory_becter

Skill      XL: |  1  2  3 |
---------------+----------+-----
Dodging        | 3 |  3.3
Transmutations | 3 |  3.3
Unarmed Combat | 4 |  4.1
Fighting       | |  1.1
Spellcasting   | |  2.0

Action                   || total
-------------------------++-------
Melee: Unarmed           ||    35
       Headbutt          ||     8
       Short sword       ||    52
 Cast: Beastly Appendage ||    13
  Use: Potion            ||     2
       Scroll            ||     1
 Stab: Sleeping          ||     1
  Eat: Chunk             ||     2
Armor: Robe              ||    11
Dodge: Dodged            ||    57
